 Dungeon Crawl Stone Soup version 0.31-a0-844-gdc52ec4e09 (webtiles) character file.

Game seed: 6561273410485283580

1380 graki42 the Cutter (level 8, -7/76 HPs)
             Began as a Kobold Fighter on Sept 28, 2023.
             Was an Initiate of Qazlal.
             Killed from afar by a steam dragon (13 damage)
             ... with a ball of steam
             ... on level 6 of the Dungeon.
             The game lasted 00:13:12 (5612 turns).

graki42 the Cutter (Kobold Fighter)                 Turns: 5612, Time: 00:13:12

Health: -7/76      AC: 24    Str: 15    XL:     8   Next: 99%
Magic:  10/10      EV:  3    Int: 10    God:    Qazlal [......]
Gold:   1379       SH: 13    Dex: 14    Spells: 7/7 levels left

rFire   . . .        a - +0 rapier
rCold   + . .        h - +4 kite shield "Fyliugis" {rC+ rN+}
rNeg    + + .        C - melded +0 plate armour
rPois   +            (helmet currently unavailable)
rElec   .            x - melded +0 cloak
rCorr   .            (gloves currently unavailable)
SInv    .            (boots currently unavailable)
Will    .....        r - amulet of regeneration
Stlth   ++           g - ring of positive energy
HPRegen 1.12/turn    (no ring)
MPRegen 0.12/turn

%: no passive effects
@: tree-form
A: stationary, stasis, torment immunity, boosted hp, small, no large weapons,
nightstalker 3
a: Renounce Religion


You were on level 6 of the Dungeon.
You worshipped Qazlal.
Qazlal was noncommittal.
You were a tree.
You visited 2 branches of the dungeon, and saw 7 of its levels.

You collected 1523 gold pieces.
You spent 144 gold pieces at shops.

Inventory:

Hand Weapons
 a - a +0 rapier (weapon)
Armour
 b - a +0 scale mail
 c - a +0 buckler
 h - the +4 kite shield "Fyliugis" (worn) {rC+ rN+}
   (You acquired it on level 3 of the Dungeon)

   rC+:       It protects you from cold.
   rN+:       It protects you from negative energy.
 x - a +0 cloak (melded)
 C - a +0 plate armour (melded)
Jewellery
 g - a ring of positive energy (left branch)
 r - an amulet of regeneration (around neck)
 H - an amulet of reflection
 J - a ring of flight
Talismans
 F - a maw talisman
Wands
 D - a wand of digging (2)
 G - a wand of mindburst (15)
Scrolls
 d - 3 scrolls of identify
 f - 2 scrolls of fog
 j - 2 scrolls of enchant weapon {unknown}
 k - 4 scrolls of enchant armour {unknown}
 m - 3 scrolls of fear {unknown}
 n - 2 scrolls of amnesia {unknown}
 o - a scroll of noise {unknown}
 p - 2 scrolls of blinking {unknown}
 q - 2 scrolls of poison {unknown}
 t - a scroll of vulnerability {unknown}
 y - a scroll of teleportation {unknown}
 z - a scroll of brand weapon {unknown}
 E - a scroll of immolation {unknown}
Potions
 e - 2 potions of lignification
 i - 2 potions of heal wounds {unknown}
 l - 2 potions of curing
 s - a potion of enlightenment {unknown}
 u - a potion of resistance {unknown}
 v - 2 potions of mutation {unknown}
 w - a potion of invisibility {unknown}
 A - 2 potions of ambrosia
 B - a potion of cancellation {unknown}
 I - 2 potions of degeneration {unknown}


   Skills:
 + Level 6.3 Fighting
 + Level 7.1 Short Blades
 + Level 4.7 Armour
 + Level 4.7 Shields
 + Level 3.1 Invocations


You had 7 spell levels left.
You didn't know any spells.
Your spell library contained the following spells:

 Spells                   Type           Power      Damage    Failure   Level
 Magic Dart               Conj           0%         1d3       73%         1
 Searing Ray              Conj           0%         2d4       86%         2
 Gell's Gravitas          Tloc           0%         N/A       97%         3
 Inner Flame              Hex/Fire       0%         N/A       97%         3
 Teleport Other           Tloc           0%         N/A       97%         3
 Fulminant Prism          Conj/Hex       0%         3d5       100%        4
 Yara's Violent Unravell  Hex/Tmut       0%         3d3       100%        5
 Dispersal                Tloc           0%         N/A       100%        6
 Enfeeble                 Hex            0%         N/A       100%        7


Dungeon Overview and Level Annotations

Branches:
Dungeon (6/15)             Temple (1/1) D:5

Altars:
Ashenzari
Cheibriados
Dithmenos
Elyvilon
Gozag
Hepliaklqana
Kikubaaqudgha
Makhleb
Nemelex Xobeh
Qazlal
Ru
Sif Muna
Uskayaw
Vehumet
Wu Jian
Xom
Yredelemnul
Zin

Shops:
D:3 *


Innate Abilities, Weirdness & Mutations

You are a tree.
Your roots penetrate the ground, keeping you stationary.
You cannot be teleported.
You are immune to unholy pain and torment.
Your maximum health is greatly increased.
Your equipment is partially melded.
You are small and have problems with some larger weapons.
You are completely attuned to the shadows.


Message History

The ball of steam hits you!
* * * LOW HITPOINT WARNING * * *
The orc hits you but does no damage. You block the steam dragon's attack.
The steam dragon claws you but does no damage.
The orc hits you but does no damage. You block the steam dragon's attack. x2
You hit the steam dragon but do no damage.
The steam dragon is heavily wounded.
The steam dragon bites you but does no damage.
The steam dragon claws you but does no damage.
You hit the steam dragon.
The steam dragon is severely wounded.
The steam dragon bites you but does no damage.
You block the steam dragon's attack.
You hit the steam dragon but do no damage.
The steam dragon is severely wounded.
You hit the steam dragon but do no damage.
The steam dragon is severely wounded.
You block the steam dragon's attack. x3
The steam dragon claws you but does no damage.
The orc closely misses you.
You closely miss the steam dragon.
The steam dragon is severely wounded.
The orc barely misses you. The steam dragon breathes steam at you.
The ball of steam hits you!
* * * LOW HITPOINT WARNING * * *
You hit the orc.
The orc is lightly wounded.
You block the steam dragon's attack. x2
The steam dragon attacks as it pursues you!
The steam dragon bites you.
* * * LOW HITPOINT WARNING * * *
You block the steam dragon's attack.
You turn into a tree.
Your +0 cloak melds into your body.
Your +0 plate armour melds into your body.
Your roots penetrate the ground.
You block the orc's attack. The steam dragon breathes steam at you.
The ball of steam hits you!
You die...

................~≈≈≈~≈~≈
...##......###..~ .P~
....#.###... .~ ...
...§§.# ... ♣>
.....§##..# .P
......#... .≈ ........#
# ~~≈ ......D.#.## ≈≈≈~
......#♣...# ≈≈≈~
......o..... ~≈~.
.........##. ....
.........# ....
.......... ....
......... .... #.#. #...
...[


You could see a steam dragon (catching breath) and an orc.

Vanquished Creatures
  The ghost of senseless the Insei, a novice DgSh (D:5)
  An orc warrior (D:5)
  2 ogres (D:5)
  A centaur (D:5)
  3 scorpions
  4 hounds
  A jelly (D:6)
  4 iguanas
  A sleepcap (D:6)
  2 orc wizards
  11 adders
  A shadow imp (D:5)
  A white imp (D:5)
  2 ufetubi
  4 worms (D:4)
  2 dart slugs
  11 orcs
  7 endoplasms
  9 giant cockroaches
  10 goblins
  7 hobgoblins
  2 jackals (D:1)
  A quokka (D:3)
  11 ball pythons
  6 bats
  A frilled lizard (D:2)
  6 kobolds
  8 rats
120 creatures vanquished.

Notes
Turn   | Place    | Note
-------+----------+-------------------------------------------
     0 | D:1      | graki42 the Kobold Fighter began the quest for the Orb.
     0 | D:1      | Reached XP level 1. HP: 14/14 MP: 1/1
   229 | D:1      | Reached skill level 3 in Short Blades
   229 | D:1      | Reached XP level 2. HP: 17/19 MP: 2/2
   491 | D:1      | Reached XP level 3. HP: 23/23 MP: 3/3
  1521 | D:2      | Reached XP level 4. HP: 29/29 MP: 4/4
  2072 | D:3      | Found Fogy's Assorted Antiques.
  2076 | D:3      | Bought a scroll labelled WUNYIB XAETUS for 25 gold pieces
  2076 | D:3      | Bought a scroll labelled LAIBIA ZELLUSU for 25 gold pieces
  2076 | D:3      | Bought a green potion for 22 gold pieces
  2076 | D:3      | Bought a scroll labelled QIQAITE UTOIM for 25 gold pieces
  2076 | D:3      | Bought a scroll labelled CIRE SORCHUSEEDGH for 25 gold
                  | pieces
  2076 | D:3      | Bought a dark potion for 22 gold pieces
  2136 | D:3      | Identified 2 scrolls of acquirement
  2136 | D:3      | Acquired 1213 gold pieces
  2137 | D:3      | Acquired the +4 kite shield "Fyliugis" {rC+ rN+}
  2221 | D:3      | Reached skill level 4 in Short Blades
  2260 | D:3      | Reached XP level 5. HP: 16/33 MP: 5/5
  2751 | D:4      | Reached XP level 6. HP: 8/39 MP: 6/6
  2851 | D:4      | Found a sparkling altar of Nemelex Xobeh.
  3330 | D:4      | Reached skill level 5 in Short Blades
  3666 | D:4      | Found a glowing silver altar of Zin.
  3666 | D:4      | Found a sacrificial altar of Ru.
  3666 | D:4      | Found an opulent altar of Gozag.
  3745 | D:4      | Reached XP level 7. HP: 43/44 MP: 7/7
  3926 | D:5      | Entered Level 5 of the Dungeon
  3940 | D:5      | Reached skill level 5 in Fighting
  4098 | D:5      | Found a staircase to the Ecumenical Temple.
  4104 | Temple   | Entered the Ecumenical Temple
  4125 | Temple   | Became a worshipper of Qazlal Stormbringer
  4214 | D:5      | Found a runed translucent door.
  4309 | D:5      | Reached skill level 6 in Short Blades
  4371 | D:5      | Reached skill level 1 in Invocations
  4371 | D:5      | Reached XP level 8. HP: 50/50 MP: 8/8
  5237 | D:5      | Found a bloodstained altar of Trog.
  5237 | D:5      | Found an ornate altar of the Wu Jian Council.
  5237 | D:5      | Found a broken altar of Ashenzari.
  5241 | D:5      | Found a glowing golden altar of the Shining One.
  5241 | D:5      | Found a shimmering altar of Xom.
  5241 | D:5      | Found a sparkling altar of Nemelex Xobeh.
  5274 | D:5      | Found a radiant altar of Vehumet.
  5326 | D:5      | Noticed senseless's ghost (novice DgSh)
  5345 | D:5      | Killed senseless's ghost
  5418 | D:6      | Reached skill level 7 in Short Blades
  5446 | D:6      | Found a snail-covered altar of Cheibriados.
  5608 | D:6      | HP: 2/51 [steam dragon/ball of steam (15)]
  5612 | D:6      | Killed from afar by a steam dragon

Illustrated notes

Levels and vault maps discovered:
D:1:      dpeg_arrival_stonehenge_8_columns, layout_basic,
          hangedman_decor_riveting
D:2:      layout_basic
D:3:      layout_rooms, serial_shops, nicolae_shop_back_alley_shop, st_stairs_6,
          hangedman_feature_mirror
D:4:      layout_basic, lemuel_coloured_pillars_altar,
          gammafunk_temple_overflow_forgotten
D:5:      layout_gridville, kennysheep_mini, doesnt_xom_only_xom,
          minmay_temple_entry_statues_pillars, ebering_ghost_reflecting_pool,
          minmay_misc_feat_enclosed
D:6:      layout_cave_pools, fedhas_ov_isle_minmay, cheibriados_altar_2
Temple:   hellmonk_temple_of_storms

Skill      XL: |  1  2  3  4  5  6  7  8 |
---------------+-------------------------+-----
Short Blades   | 3 4 5 6 7 |  7.1
Fighting       | 4 5 6 |  6.3
Armour         | 3 4 |  4.7
Shields        | 3 4 |  4.7
Invocations    | 1 3 |  3.1

Action                     |  1- 3 |  4- 6 |  7- 9 || total
---------------------------+-------+-------+-------++-------
  Melee: Rapier            |   139 |   285 |   327 ||   751
    Use: Scroll            |       |     5 |       ||     5
         Potion            |       |     2 |     2 ||     4
   Stab: Sleeping          |       |     2 |       ||     2
 Armour: Scale mail        |    66 |   155 |    91 ||   312
         Plate armour      |       |       |   126 ||   126
         Skin              |       |       |     1 ||     1
  Dodge: Dodged            |    71 |    83 |    76 ||   230
  Block: Buckler           |    26 |     9 |       ||    35
         Kite shield       |       |   144 |   226 ||   370

Table legend: (Time is in decaauts)
 A = Elapsed time spent in this place.
 B = Non-inter-level travel time spent in this place.
 C = Inter-level travel time spent in this place.
 D = Time resting spent in this place.
 E = Time spent auto-exploring this place.
 F = Levels seen in this place.
 G = Mean time per level.
                   A        B        C        D        E       F      G
               +--------+--------+--------+--------+--------+-----+--------+
         Total |   5679 |   5475 |    204 |    131 |   4104 |   7 |  811.3 |
       Dungeon |   5636 |   5453 |    183 |    131 |   4104 |   6 |  939.3 |
        Temple |     42 |     21 |     21 |      0 |      0 |   1 |   42.0 |
               +--------+--------+--------+--------+--------+-----+--------+

Top non-repeatable levels by time:
     D:5: 1427 daAuts
     D:4: 1239 daAuts
     D:1: 1116 daAuts
     D:2: 847 daAuts
     D:3: 771 daAuts
     D:6: 234 daAuts
  Temple: 42 daAuts
